[Event "ICC tourney 2532 (25 5)"]
[Site "Internet Chess Club"]
[Date "2021.04.24"]
[Round "2"]
[White "CLASBY, DEREK:K12-15194211"]
[Black "NOZAKI, MAO:K12-14766721"]
[Result "1-0"]
[ICCResult "Black resigns"]
[WhiteElo "2286"]
[BlackElo "1715"]
[Opening "French: Tarrasch, open, 4.ed ed"]
[ECO "C08"]
[NIC "FR.20"]
[Time "13:12:42"]
[PlyCount "97"]
[TimeControl "1500+5"]

1. e4 e6 2. d4 d5 3. Nd2 c5 4. exd5 exd5 5. dxc5 Bxc5 6. Nb3 Bb6 7. Nf3 Nf6
8. Bb5+ Nc6 9. Qe2+ Be6 10. Be3 O-O 11. O-O-O Bxe3+ 12. Qxe3 Re8 13. Qf4
Rc8 14. Rhe1 Qb6 15. Nfd4 a6 16. Bd3 Bd7 17. Qd6 Rxe1 18. Rxe1 Qc7 19. Qxc7
Rxc7 20. Nxc6 Rxc6 21. Nd4 Rc8 22. Kd2 h6 23. f3 Kf8 24. b4 Re8 25. Re3
Rxe3 26. Kxe3 Ke7 27. Nb3 Kd6 28. Nc5 Bc6 29. Kd4 Nd7 30. f4 Ke7 31. a4 Nb6
32. b5 axb5 33. axb5 Bd7 34. Nxb7 g5 35. fxg5 hxg5 36. Kc5 Nc8 37. Kxd5 f5
38. Nc5 Nb6+ 39. Ke5 f4 40. Nxd7 Kxd7 41. Kf5 Kd6 42. Kxg5 Nd5 43. h4 Ne3
44. h5 Nxg2 45. h6 f3 46. h7 f2 47. h8=Q Ne3 48. Qd4+ Kc7 49. Qxe3 { Black
resigns } 1-0

[Event "ICC tourney 2532 (25 5)"]
[Site "Internet Chess Club"]
[Date "2021.04.24"]
[Round "2"]
[White "MARTINEZ, JONATHAN:K12-14701133"]
[Black "JIN NELSON, MICHAEL:K12-16300942"]
[Result "1-0"]
[ICCResult "Black resigns"]
[WhiteElo "1945"]
[BlackElo "1388"]
[Opening "French: Tarrasch, open, 4.ed ed"]
[ECO "C08"]
[NIC "FR.21"]
[Time "13:11:53"]
[PlyCount "75"]
[TimeControl "1500+5"]

1. e4 e6 2. d4 d5 3. Nd2 c5 4. exd5 exd5 5. Ngf3 Nf6 6. Bb5+ Bd7 7. Bxd7+
Qxd7 8. O-O Nc6 9. Re1+ Be7 10. dxc5 O-O 11. Nb3 Rac8 12. Bf4 Rfe8 13. Qd2
a5 14. Nxa5 Bxc5 15. Nxc6 Qxc6 16. Ne5 Rxe5 17. Rxe5 Ne4 18. Qxd5 Bxf2+ 19.
Kf1 Qxd5 20. Rxd5 f6 21. c3 g5 22. Bd2 g4 23. Bf4 Re8 24. Rad1 Kf7 25. Rd7+
Kg6 26. Rxb7 h5 27. g3 h4 28. Kg2 Nc5 29. Rb5 Re2 30. Rd2 Rxd2 31. Bxd2 Ne4
32. Bf4 h3+ 33. Kf1 Ba7 34. Rb7 Bc5 35. a4 Nd6 36. Bxd6 Bxd6 37. a5 Kg5 38.
a6 { Black resigns } 1-0

[Event "ICC tourney 2532 (25 5)"]
[Site "Internet Chess Club"]
[Date "2021.04.24"]
[Round "2"]
[White "HUNG, DANIEL:K12-14504425"]
[Black "ARMIN DONG, CONNOR:K12-14608563"]
[Result "1-0"]
[ICCResult "Black checkmated"]
[WhiteElo "2185"]
[BlackElo "1676"]
[Opening "French: advance, Paulsen attack"]
[ECO "C02"]
[NIC "FR.03"]
[Time "13:12:37"]
[PlyCount "65"]
[TimeControl "1500+5"]

1. e4 e6 2. d4 d5 3. e5 c5 4. c3 Nc6 5. Nf3 Qb6 6. a3 Bd7 7. b4 cxb4 8.
axb4 Nge7 9. Bd3 Ng6 10. O-O Be7 11. Nbd2 Rc8 12. Nb3 O-O 13. Nc5 Bxc5 14.
bxc5 Qd8 15. Bg5 Qe8 16. Qd2 f6 17. exf6 gxf6 18. Bh6 Rf7 19. Rfe1 e5 20.
dxe5 Ngxe5 21. Nxe5 fxe5 22. Rab1 Qd8 23. Rxb7 e4 24. Ba6 Rf5 25. Rbb1 Rb8
26. Rxb8 Qxb8 27. g4 Ne5 28. Qxd5+ Rf7 29. f4 Nf3+ 30. Kh1 Nxe1 31. Bc4 Qe8
32. Qd4 Bc6 33. Qg7# { Black checkmated } 1-0

[Event "ICC tourney 2532 (25 5)"]
[Site "Internet Chess Club"]
[Date "2021.04.24"]
[Round "2"]
[White "REMPE, MIEKE:K12-15043484"]
[Black "MCCOY, OWEN:K12-14447115"]
[Result "0-1"]
[ICCResult "White resigns"]
[WhiteElo "1704"]
[BlackElo "2251"]
[Opening "Robatsch (modern) defense"]
[ECO "B06"]
[NIC "KF.05"]
[Time "13:12:02"]
[PlyCount "56"]
[TimeControl "1500+5"]

1. e4 g6 2. d4 Bg7 3. Nf3 d6 4. Be3 Nf6 5. Nc3 a6 6. Qd2 b5 7. Bd3 Bb7 8.
a3 Nbd7 9. h3 O-O 10. g4 c5 11. d5 e6 12. g5 Ne8 13. Nh4 b4 14. axb4 cxb4
15. Ne2 exd5 16. Qxb4 dxe4 17. Bxe4 Bxe4 18. Qxe4 Bxb2 19. Rb1 Bg7 20. Nd4
Nc5 21. Qf3 Nc7 22. Nc6 Qe8 23. O-O Ne4 24. Nd4 d5 25. Rfe1 Ne6 26. Ne2 Qa4
27. Rec1 N4xg5 28. Qg3 Qxh4 { White resigns } 0-1

[Event "ICC tourney 2532 (25 5)"]
[Site "Internet Chess Club"]
[Date "2021.04.24"]
[Round "2"]
[White "LEE, RYAN:K12-15137336"]
[Black "JAIN, SAMYAK:K12-15756642"]
[Result "0-1"]
[ICCResult "White resigns"]
[WhiteElo "1911"]
[BlackElo "1358"]
[Opening "Queen's gambit declined"]
[ECO "D30"]
[NIC "QP.08"]
[Time "13:11:35"]
[PlyCount "122"]
[TimeControl "1500+5"]

1. d4 d5 2. c4 e6 3. Nf3 h6 4. g3 Nf6 5. Bg2 Nc6 6. e3 b6 7. O-O Bb7 8.
cxd5 exd5 9. Nc3 Bb4 10. Bd2 O-O 11. Rc1 Na5 12. Ne5 Nd7 13. Nd3 Bxc3 14.
Bxc3 Nc4 15. b3 Nd6 16. Bb4 Re8 17. Bxd6 cxd6 18. b4 Nf6 19. Nf4 Ne4 20.
Re1 Qe7 21. Qb3 Rac8 22. Nxd5 Bxd5 23. Qxd5 Rxc1 24. Rxc1 Nxf2 25. e4 Ng4
26. Rc6 Ne3 27. Qxd6 Nxg2 28. Qxe7 Rxe7 29. Kxg2 Rxe4 30. Rc8+ Kh7 31. Rd8
Re2+ 32. Kf3 Rxa2 33. d5 Rxh2 34. Ke4 Kg6 35. Rd6+ Kg5 36. Rd7 Kf6 37. Rxa7
Rg2 38. d6 Ke6 39. Kf3 Rd2 40. Re7+ Kf6 41. Rd7 Rd4 42. Ke3 Rxb4 43. Rb7
Rb3+ 44. Kf4 g5+ 45. Kg4 Ke6 46. d7 Ke7 47. d8=Q+ Kxd8 48. Rxf7 h5+ 49.
Kxg5 Rxg3+ 50. Kxh5 Rd3 51. Kg5 Rd7 52. Rxd7+ Kxd7 53. Kf4 Kc6 54. Ke4 Kc5
55. Kd3 Kb4 56. Kc2 Ka3 57. Kb1 b5 58. Ka1 Kb3 59. Kb1 b4 60. Ka1 Kc2 61.
Ka2 b3+ { White resigns } 0-1

[Event "ICC tourney 2532 (25 5)"]
[Site "Internet Chess Club"]
[Date "2021.04.24"]
[Round "2"]
[White "M ZHANG, ERIC:K12-14668426"]
[Black "TEITELMAN, AIDEN:K12-15429990"]
[Result "1-0"]
[ICCResult "Black resigns"]
[WhiteElo "2204"]
[BlackElo "1710"]
[Opening "King's Indian: Sämisch, 5...O-O"]
[ECO "E81"]
[NIC "KI.48"]
[Time "13:11:57"]
[PlyCount "65"]
[TimeControl "1500+5"]

1. d4 Nf6 2. c4 g6 3. f3 Bg7 4. e4 d6 5. Nc3 O-O 6. Be3 Nbd7 7. Bd3 a6 8.
Nge2 c5 9. d5 b5 10. cxb5 Qa5 11. O-O Ne5 12. a4 Nfd7 13. f4 c4 14. Bc2 Ng4
15. Bd4 Bxd4+ 16. Qxd4 Qb6 17. Rf3 axb5 18. Qxb6 Nxb6 19. Nxb5 Bd7 20. Ned4
Rfc8 21. h3 Nf6 22. Raa3 Kg7 23. a5 Bxb5 24. axb6 Ba6 25. Nc6 Bb7 26. Nxe7
Re8 27. Nc6 Nd7 28. Na5 Nc5 29. Nxc4 Rxa3 30. Rxa3 Rd8 31. Ra7 Ba6 32. Na5
Rb8 33. b4 { Black resigns } 1-0

[Event "ICC tourney 2532 (25 5)"]
[Site "Internet Chess Club"]
[Date "2021.04.24"]
[Round "2"]
[White "CHOI YOO, EUGENE:K12-14862820"]
[Black "GUPTA, ESHAN:K12-16099390"]
[Result "1-0"]
[ICCResult "Black checkmated"]
[WhiteElo "2191"]
[BlackElo "1659"]
[Opening "King's Indian: fianchetto without c4"]
[ECO "E67"]
[NIC "KI.79"]
[Time "13:11:54"]
[PlyCount "109"]
[TimeControl "1500+5"]

1. d4 Nf6 2. Nf3 g6 3. g3 d6 4. Bg2 Bg7 5. O-O O-O 6. c4 Nbd7 7. Nc3 c6 8.
b3 e5 9. e4 Re8 10. Re1 exd4 11. Nxd4 c5 12. Ndb5 Re6 13. Bh3 Re5 14. Bb2
Rh5 15. Bg2 Ne8 16. Nxd6 Ne5 17. Nxc8 Rxc8 18. Qxd8 Rxd8 19. Rad1 Nc6 20.
Rxd8 Nxd8 21. Bf3 Rg5 22. h4 Re5 23. Nd5 Re6 24. Bxg7 Kxg7 25. e5 Nc6 26.
Nf4 Rxe5 27. Rxe5 Nxe5 28. Bxb7 Nd6 29. Bd5 Nf5 30. Kf1 Nd4 31. Ne2 Nec6
32. Bxc6 Nxc6 33. Nf4 Nb4 34. a3 Nc2 35. Nd3 Nxa3 36. Nxc5 Kf6 37. Ke2 Ke5
38. Kd3 Kf5 39. Kc3 Kg4 40. Kb2 Nb5 41. cxb5 Kf3 42. Nd3 Ke2 43. Kc3 h5 44.
Kd4 f6 45. Ke4 g5 46. hxg5 fxg5 47. f4 h4 48. fxg5 h3 49. Nf4+ Kf2 50.
Nxh3+ Kxg3 51. g6 Kxh3 52. g7 Kh2 53. g8=Q Kh1 54. Kf3 Kh2 55. Qg2# { Black
checkmated } 1-0

[Event "ICC tourney 2532 (25 5)"]
[Site "Internet Chess Club"]
[Date "2021.04.24"]
[Round "2"]
[White "JAIN, AKERTH:K12-15757158"]
[Black "KATE LEE, YESUN:K12-15365623"]
[Result "1/2-1/2"]
[ICCResult "Game drawn by mutual agreement"]
[WhiteElo "1276"]
[BlackElo "1891"]
[Opening "Sicilian: Pelikan, Chelyabinsk variation"]
[ECO "B33"]
[NIC "SI.37"]
[Time "13:11:58"]
[PlyCount "90"]
[TimeControl "1500+5"]

1. e4 c5 2. Nf3 Nc6 3. d4 cxd4 4. Nxd4 Nf6 5. Nc3 e5 6. Ndb5 d6 7. Bg5 a6
8. Na3 b5 9. Nd5 h6 10. Bxf6 gxf6 11. c3 Bg7 12. Bd3 Be6 13. Nc2 f5 14. Qh5
O-O 15. Nce3 f4 16. Nf5 Bxf5 17. exf5 f6 18. h3 Ra7 19. g4 Qe8 20. Qxe8
Rxe8 21. O-O-O Kf8 22. Be4 Ne7 23. Rd2 Nxd5 24. Bxd5 Ke7 25. Rhd1 Rd8 26.
f3 Rc7 27. Kb1 Rb8 28. Be6 Rb6 29. Rc2 Bf8 30. Rdc1 Ke8 31. c4 b4 32. b3 a5
33. Rd1 Be7 34. Rd5 Rc5 35. Rcd2 Rbc6 36. Kb2 Kd8 37. Rxc5 Rxc5 38. Rd5 Kc7
39. Rxc5+ dxc5 40. Bd5 Kb6 41. a3 Kc7 42. a4 Kd6 43. Kc2 Bf8 44. Kd3 Bg7
45. Be4 Bf8 { Game drawn by mutual agreement } 1/2-1/2

[Event "ICC tourney 2532 (25 5)"]
[Site "Internet Chess Club"]
[Date "2021.04.24"]
[Round "2"]
[White "ORTIZ, ERIK:K12-17325236"]
[Black "POTHURI, ABHINAV:K12-14936890"]
[Result "0-1"]
[ICCResult "White checkmated"]
[WhiteElo "656"]
[BlackElo "1408"]
[Opening "Van't Kruijs opening"]
[ECO "A00"]
[Time "13:12:02"]
[PlyCount "122"]
[TimeControl "1500+5"]

1. e3 e5 2. Nc3 d5 3. g3 Nf6 4. Bg2 Nc6 5. Nge2 Be6 6. d4 e4 7. b3 Bd6 8.
Bb2 a6 9. O-O Qd7 10. Qd2 g5 11. Nxd5 Bxd5 12. c4 Bb4 13. Bc3 Bxc3 14. Qxc3
O-O-O 15. cxd5 Nxd5 16. Qc2 f5 17. Nc3 Ncb4 18. Qd2 h5 19. Nxd5 Nxd5 20. f3
Nf6 21. Rf2 h4 22. fxe4 Nxe4 23. Bxe4 fxe4 24. Rg2 h3 25. Rf2 Rdf8 26. Raf1
Rxf2 27. Rxf2 g4 28. Rf4 Re8 29. Qe2 Qc6 30. Qxg4+ Qe6 31. Qxe6+ Rxe6 32.
Rh4 Rc6 33. Rxh3 Rc1+ 34. Kf2 Rc2+ 35. Ke1 Rxa2 36. g4 Rg2 37. Rh8+ Kd7 38.
h3 Kc6 39. Kf1 Rb2 40. g5 Rxb3 41. g6 Rxe3 42. Kf2 Ra3 43. g7 Ra2+ 44. Ke3
Rg2 45. g8=Q Rxg8 46. Rxg8 a5 47. Rg5 b5 48. Rc5+ Kb6 49. Kxe4 a4 50. Kd3
b4 51. Kc4 b3 52. Rb5+ Kc6 53. Kb4 a3 54. Ka4 a2 55. Rxb3 a1=Q+ 56. Ra3
Qxd4+ 57. Kb3 Qb6+ 58. Ka2 Qf2+ 59. Kb3 Qf7+ 60. Ka4 Qc4+ 61. Ka5 Qb5# {
White checkmated } 0-1

[Event "ICC tourney 2532 (25 5)"]
[Site "Internet Chess Club"]
[Date "2021.04.24"]
[Round "2"]
[White "K SANFORD, HARRISON:K12-14321340"]
[Black "SINGH, ANISH:K12-16345003"]
[Result "1-0"]
[ICCResult "Black resigns"]
[WhiteElo "2005"]
[BlackElo "1449"]
[Opening "Scotch: Mieses variation"]
[ECO "C45"]
[NIC "SO.04"]
[Time "13:11:22"]
[PlyCount "83"]
[TimeControl "1500+5"]

1. e4 e5 2. Nf3 Nc6 3. d4 exd4 4. Nxd4 Nf6 5. Nxc6 bxc6 6. e5 Nd5 7. c4 Nb6
8. Bd3 Be7 9. O-O O-O 10. Qc2 Kh8 11. f4 Bc5+ 12. Kh1 d5 13. b3 Qe7 14. Bb2
Ba6 15. Rf3 h6 16. Rh3 f6 17. Nd2 fxe5 18. Bxe5 Bd6 19. Rxh6+ Kg8 20. Bh7+
Kh8 21. Bg6+ Kg8 22. Bh7+ Kh8 23. Bf5+ Kg8 24. Be6+ Rf7 25. Bxd6 cxd6 26.
Qg6 Qxe6 27. Qxe6 gxh6 28. cxd5 Nxd5 29. f5 Rf8 30. g4 Nf6 31. h3 Kh7 32.
Re1 Kg7 33. Qxd6 Rd7 34. Re7+ Rf7 35. Rxf7+ Kxf7 36. Qe6+ Kg7 37. Nf3 Bc8
38. Qe2 Bb7 39. Kg1 Nd5 40. Qe5+ Kg8 41. Qe6+ Rf7 42. Ne5 { Black resigns }
1-0

[Event "ICC tourney 2532 (25 5)"]
[Site "Internet Chess Club"]
[Date "2021.04.24"]
[Round "2"]
[White "KIM, GUNN:K12-16270570"]
[Black "LJ CHEN, BENJAMIN:K12-14811886"]
[Result "0-1"]
[ICCResult "White resigns"]
[WhiteElo "1640"]
[BlackElo "2192"]
[Opening "Sicilian: closed"]
[ECO "B23"]
[NIC "SI.44"]
[Time "13:11:13"]
[PlyCount "88"]
[TimeControl "1500+5"]

1. e4 c5 2. Nc3 d6 3. f4 g6 4. Nf3 Bg7 5. g3 Nc6 6. Bg2 e6 7. O-O Nge7 8.
d3 O-O 9. Be3 Nd4 10. Qd2 Rb8 11. a4 a6 12. Bxd4 cxd4 13. Ne2 Nc6 14. c3
dxc3 15. bxc3 b5 16. axb5 Rxb5 17. d4 Qb6 18. Kh1 Bd7 19. Qd3 Rc8 20. e5 d5
21. Nd2 Na5 22. Rfc1 Bf8 23. Bf1 Rb2 24. Rab1 Nc4 25. Nxc4 dxc4 26. Rxb2
Qxb2 27. Qc2 Qb3 28. Qd2 a5 29. Rc2 Rb8 30. Nc1 Qb5 31. Kg2 a4 32. Ra2 a3
33. Be2 Qb1 34. Bxc4 Rb2 35. Rxb2 Qxb2 36. Nb3 Qb1 37. Nc1 Qe4+ 38. Kf2 Bc6
39. Bf1 h5 40. h4 Qf3+ 41. Ke1 Qxg3+ 42. Qf2 Qxc3+ 43. Qd2 Qb2 44. Bc4 Bb4
{ White resigns } 0-1

[Event "ICC tourney 2532 (25 5)"]
[Site "Internet Chess Club"]
[Date "2021.04.24"]
[Round "2"]
[White "BIYANOV, ALEX:K12-15198345"]
[Black "BHAVIKATTI, NEIL:K12-14919064"]
[Result "0-1"]
[ICCResult "White resigns"]
[WhiteElo "1563"]
[BlackElo "2118"]
[Opening "Sicilian defense"]
[ECO "B73"]
[NIC "SI.33"]
[Time "13:12:21"]
[PlyCount "62"]
[TimeControl "1500+5"]

1. e4 c5 2. Nf3 Nc6 3. d4 cxd4 4. Nxd4 g6 5. Be3 Bg7 6. Nc3 Nf6 7. Be2 O-O
8. O-O d6 9. f3 Bd7 10. Qd2 a6 11. a4 Rc8 12. Rfb1 Re8 13. Kh1 Ne5 14. Nd5
Nxd5 15. exd5 Nc4 16. Bxc4 Rxc4 17. b3 Rc8 18. Rd1 e6 19. dxe6 fxe6 20.
Rac1 d5 21. Qb4 e5 22. Ne2 Bc6 23. Bb6 Qg5 24. Ng3 e4 25. fxe4 dxe4 26. Bd4
e3 27. Bxg7 Kxg7 28. Qd4+ Re5 29. Re1 Rd8 30. Qb6 e2 31. Qc7+ Rd7 { White
resigns } 0-1

[Event "ICC tourney 2532 (25 5)"]
[Site "Internet Chess Club"]
[Date "2021.04.24"]
[Round "2"]
[White "NAIR, ADVAIT:K12-15900267"]
[Black "TSAY, VINCENT:K12-15297685"]
[Result "0-1"]
[ICCResult "White checkmated"]
[WhiteElo "1749"]
[BlackElo "2392"]
[Opening "French: advance, Euwe variation"]
[ECO "C02"]
[NIC "FR.03"]
[Time "13:11:23"]
[PlyCount "102"]
[TimeControl "1500+5"]

1. e4 e6 2. d4 d5 3. e5 c5 4. c3 Nc6 5. Nf3 Bd7 6. a3 f6 7. exf6 Nxf6 8.
Bd3 Bd6 9. O-O O-O 10. Bg5 e5 11. dxe5 Nxe5 12. Nxe5 Bxe5 13. h3 Qb6 14.
Ra2 Rae8 15. Nd2 Bb8 16. Bh4 Be6 17. b3 Kh8 18. Re1 c4 19. bxc4 dxc4 20.
Bb1 Bd5 21. Rxe8 Rxe8 22. Nf1 Bf7 23. Bc2 Be5 24. Qf3 Bd5 25. Qf5 Bg8 26.
Ba4 Re7 27. Re2 Bh2+ 28. Nxh2 Rxe2 29. Nf3 Ne4 30. Ne5 Re1+ 31. Kh2 Qb1 32.
g3 Rh1+ 33. Kg2 Qf1+ 34. Kf3 Qxf2+ 35. Kg4 Qxf5+ 36. Kxf5 Nxc3 37. Be8 Rf1+
38. Kg4 Be6+ 39. Kh5 Rf5+ 40. Kg4 Rxe5+ 41. Kf4 Re4+ 42. Kf3 Bg4+ 43. hxg4
Rxe8 44. Kg2 Nd5 45. Kh3 c3 46. Bg5 Ne3 47. Bxe3 Rxe3 48. Kh4 c2 49. Kh3
c1=Q 50. Kg2 Re2+ 51. Kf3 Qe3# { White checkmated } 0-1

[Event "ICC tourney 2532 (25 5)"]
[Site "Internet Chess Club"]
[Date "2021.04.24"]
[Round "2"]
[White "BUKLIS, JOSEPH:K12-14880942"]
[Black "WANG, LUKE:K12-14250470"]
[Result "1/2-1/2"]
[ICCResult "Game drawn by mutual agreement"]
[WhiteElo "1494"]
[BlackElo "2016"]
[Opening "Caro-Kann: classical, 6.h4"]
[ECO "B18"]
[NIC "CK.12"]
[Time "13:11:23"]
[PlyCount "94"]
[TimeControl "1500+5"]

1. e4 c6 2. d4 d5 3. Nc3 dxe4 4. Nxe4 Bf5 5. Ng3 Bg6 6. h4 h6 7. h5 Bh7 8.
Nf3 Nd7 9. Bd3 Bxd3 10. Qxd3 e6 11. Be3 Ngf6 12. O-O-O Be7 13. Ne4 Nxe4 14.
Qxe4 Nf6 15. Qd3 O-O 16. Rdg1 Qa5 17. Qb3 Qb6 18. g4 Qxb3 19. axb3 Ne4 20.
Ne5 c5 21. f3 cxd4 22. Bxd4 Bc5 23. Bxc5 Nxc5 24. Rd1 Rfd8 25. Rxd8+ Rxd8
26. Rd1 Rxd1+ 27. Kxd1 f6 28. Ng6 Kf7 29. Kd2 e5 30. b4 Ne6 31. Kd3 Nd4 32.
f4 Nc6 33. b5 Nb4+ 34. Kd2 e4 35. c4 Nd3 36. b3 f5 37. gxf5 Kf6 38. Ke3
Kxf5 39. Ne7+ Ke6 40. Nd5 b6 41. Kxe4 Nc5+ 42. Kd4 Nxb3+ 43. Ke4 Nc5+ 44.
Kf3 Kf5 45. Ne7+ Ke6 46. Nc6 a6 47. bxa6 Nxa6 { Game drawn by mutual
agreement } 1/2-1/2

[Event "ICC tourney 2532 (25 5)"]
[Site "Internet Chess Club"]
[Date "2021.04.24"]
[Round "2"]
[White "HAN, JACOB:K12-14896205"]
[Black "BITENG, KEITH:K12-15342436"]
[Result "1-0"]
[ICCResult "Black forfeits on time"]
[WhiteElo "1905"]
[BlackElo "1343"]
[Opening "English, 1...Nf6 (Anglo-Indian defense)"]
[ECO "A15"]
[NIC "EO.64"]
[Time "13:11:37"]
[PlyCount "85"]
[TimeControl "1500+5"]

1. c4 Nf6 2. g3 g6 3. Bg2 Bg7 4. Nc3 d6 5. e4 Bg4 6. Nge2 e5 7. d3 Nbd7 8.
h3 Be6 9. Be3 c6 10. b3 O-O 11. O-O Qe7 12. Qd2 Nb6 13. f4 exf4 14. gxf4
Rad8 15. f5 Bc8 16. d4 Rfe8 17. Bg5 c5 18. fxg6 hxg6 19. dxc5 dxc5 20. Qf4
Nh5 21. Bxe7 Nxf4 22. Bxd8 Nxe2+ 23. Nxe2 Bxa1 24. Bxb6 Bg7 25. Bxc5 b6 26.
Bd4 Bf8 27. Nc3 Rd8 28. Nd5 Bc5 29. Bxc5 bxc5 30. Kh2 Kg7 31. Bf3 a5 32.
Bg4 Bb7 33. Rd1 Re8 34. Re1 a4 35. Re2 axb3 36. axb3 Rb8 37. Re3 Bc8 38.
Bxc8 Rxc8 39. e5 Rc6 40. Kg3 Ra6 41. Kf4 Re6 42. Nc7 Re7 43. Na6 { Black
forfeits on time } 1-0

[Event "ICC tourney 2532 (25 5)"]
[Site "Internet Chess Club"]
[Date "2021.04.24"]
[Round "2"]
[White "JIANG, LEO:K12-14738650"]
[Black "ZEREGA, LUCA:K12-16005458"]
[Result "1-0"]
[ICCResult "Black checkmated"]
[WhiteElo "1871"]
[BlackElo "1285"]
[Opening "Queen's gambit declined"]
[ECO "D30"]
[NIC "QP.08"]
[Time "13:11:42"]
[PlyCount "115"]
[TimeControl "1500+5"]

1. d4 d5 2. c4 e6 3. Nf3 c5 4. g3 Nc6 5. Bg2 dxc4 6. dxc5 Qxd1+ 7. Kxd1
Bxc5 8. e3 Nf6 9. Nbd2 b5 10. Ne5 Nxe5 11. Bxa8 O-O 12. Bg2 Nd3 13. Ke2 e5
14. h3 Rd8 15. Ne4 Nxe4 16. Bxe4 Ba6 17. b3 Bb6 18. Rd1 Nxc1+ 19. Raxc1 Rc8
20. b4 g6 21. Rb1 c3 22. Rdc1 f5 23. Bd5+ Kg7 24. f3 f4 25. gxf4 exf4 26.
e4 c2 27. Rb2 Rc3 28. Rb3 Rc7 29. Kd3 Rd7 30. Kxc2 Be3 31. Rd1 Rc7+ 32. Rc3
Rxc3+ 33. Kxc3 Bc8 34. Rh1 Kf6 35. Bc6 a6 36. a4 bxa4 37. Bxa4 Kg5 38. Bc6
Kh4 39. e5 Kg3 40. h4 h5 41. Be4 g5 42. hxg5 h4 43. g6 Be6 44. g7 h3 45.
Bh7 Kg2 46. Rxh3 Kxh3 47. g8=Q Bxg8 48. Bxg8 Kg3 49. e6 Kxf3 50. e7 Ke2 51.
e8=Q f3 52. Bc4+ Kf2 53. Kd3 Ba7 54. Bxa6 Kg2 55. Ke4 f2 56. Qg6+ Kh2 57.
Bf1 Bb8 58. Qg2# { Black checkmated } 1-0

[Event "ICC tourney 2532 (25 5)"]
[Site "Internet Chess Club"]
[Date "2021.04.24"]
[Round "2"]
[White "KAZUO SLOWIK, DYLAN:K12-14697884"]
[Black "LU, MAXIMILLIAN:K12-14732597"]
[Result "0-1"]
[ICCResult "White forfeits on time"]
[WhiteElo "1769"]
[BlackElo "2430"]
[Opening "Queen's pawn game"]
[ECO "A46"]
[NIC "QP.06"]
[Time "13:12:02"]
[PlyCount "72"]
[TimeControl "1500+5"]

1. Nf3 Nf6 2. d4 b5 3. g3 Bb7 4. Bg2 e6 5. O-O Be7 6. Nbd2 O-O 7. c4 bxc4
8. Nxc4 d6 9. Bd2 Nbd7 10. Rc1 Ne4 11. Na5 Rb8 12. Nxb7 Rxb7 13. b3 Nxd2
14. Qxd2 d5 15. Rc2 c5 16. Rfc1 Qb6 17. e3 a5 18. Bf1 Ra8 19. dxc5 Nxc5 20.
Nd4 h5 21. Be2 h4 22. gxh4 a4 23. bxa4 Rxa4 24. Bb5 Ra5 25. a4 Bf8 26. Nc6
Rxb5 27. axb5 Nb3 28. Qc3 Nxc1 29. Rxc1 Qxb5 30. Nd4 Qb2 31. Qc6 g6 32. Rc2
Qa1+ 33. Kg2 Rb1 34. Kh3 Rg1 35. Qb5 Qd1 36. f3 e5 { White forfeits on time
} 0-1

[Event "ICC tourney 2532 (25 5)"]
[Site "Internet Chess Club"]
[Date "2021.04.24"]
[Round "2"]
[White "MERO, DANIEL:K12-15247388"]
[Black "MANTA, JAUSS:K12-16474385"]
[Result "0-1"]
[ICCResult "White resigns"]
[WhiteElo "1858"]
[BlackElo "1160"]
[Opening "Pirc defense"]
[ECO "B07"]
[NIC "PU.08"]
[Time "13:11:22"]
[PlyCount "104"]
[TimeControl "1500+5"]

1. e4 d6 2. d4 Nf6 3. Nc3 e5 4. dxe5 dxe5 5. Qxd8+ Kxd8 6. Bg5 Be6 7.
O-O-O+ Kc8 8. Nf3 Nbd7 9. Bxf6 gxf6 10. Nh4 Bc5 11. f3 Rd8 12. Be2 a6 13.
Kb1 b5 14. Nf5 Kb7 15. a3 c6 16. h4 Bxf5 17. exf5 Be7 18. Rh3 Kc7 19. Rg3
Rg8 20. Rxg8 Rxg8 21. g4 h5 22. Ne4 hxg4 23. fxg4 Nc5 24. Ng3 a5 25. b4 Na4
26. Ne4 axb4 27. axb4 Bxb4 28. Rd3 Nc5 29. Nxf6 Ra8 30. Rh3 Bd2 31. g5 Kd6
32. g6 Ke7 33. Ng4 fxg6 34. fxg6 b4 35. Bc4 Bc3 36. Ba2 Ne4 37. Rh2 Bd4 38.
Nh6 Nc3+ 39. Kc1 Rxa2 40. Nf5+ Kf6 41. Nxd4 exd4 42. Kd2 b3 43. g7 Kxg7 44.
Kd3 b2 45. Rg2+ Kf6 46. Rf2+ Ke5 47. Rf1 b1=Q 48. Rxb1 Nxb1 49. h5 Ra3+ 50.
Ke2 Rh3 51. h6 Rxh6 52. Kf2 d3 { White resigns } 0-1

[Event "ICC tourney 2532 (25 5)"]
[Site "Internet Chess Club"]
[Date "2021.04.24"]
[Round "2"]
[White "FRIDLYAND FRIDLYAND, DANIEL:K12-14634753"]
[Black "PULLABHOTLA, VENKATA:K12-15472194"]
[Result "0-1"]
[ICCResult "White forfeits on time"]
[WhiteElo "1594"]
[BlackElo "2153"]
[Opening "QGD: Ragozin variation"]
[ECO "D38"]
[NIC "NI.27"]
[Time "13:11:45"]
[PlyCount "68"]
[TimeControl "1500+5"]

1. d4 Nf6 2. Nf3 e6 3. c4 d5 4. Nc3 Bb4 5. Bg5 h6 6. Bxf6 Qxf6 7. e3 O-O 8.
Bd3 dxc4 9. Bxc4 c5 10. O-O cxd4 11. Ne4 Qg6 12. Qxd4 Nc6 13. Ne5 Nxe5 14.
Qxe5 Bd7 15. a3 Be7 16. Rfd1 Bc6 17. Ng3 Bf6 18. Qc5 Bxb2 19. Rab1 Qc2 20.
Qd6 Bxa3 21. Qd4 Be7 22. Qg4 Rfe8 23. Bd3 Qa4 24. f4 f5 25. Qg6 Bc5 26. Nh5
Bxe3+ 27. Kh1 Bd4 28. Rbc1 Re7 29. Bc4 Be8 30. Bxe6+ Kh8 31. Qxf5 Bxh5 32.
Qxh5 Rxe6 33. Qd5 Rae8 34. h3 Be3 { White forfeits on time } 0-1

[Event "ICC tourney 2532 (25 5)"]
[Site "Internet Chess Club"]
[Date "2021.04.24"]
[Round "2"]
[White "HELLER, JACK:K12-15613715"]
[Black "MARCELIA, DAVID:K12-17209595"]
[Result "1-0"]
[ICCResult "Black checkmated"]
[WhiteElo "1927"]
[BlackElo "1374"]
[Opening "Caro-Kann: advance variation"]
[ECO "B12"]
[NIC "CK.02"]
[Time "13:12:02"]
[PlyCount "85"]
[TimeControl "1500+5"]

1. e4 c6 2. d4 d5 3. e5 c5 4. c3 Nc6 5. Bb5 Bf5 6. Nf3 cxd4 7. cxd4 Bxb1 8.
Bxc6+ bxc6 9. Rxb1 Qa5+ 10. Bd2 Qxa2 11. O-O e6 12. Qc2 Qa6 13. Rfc1 Rc8
14. b4 Qb5 15. Ra1 Rc7 16. Ra5 Qb6 17. Qa4 Ne7 18. Ra6 Qb7 19. h4 g6 20.
Bg5 Bg7 21. b5 O-O 22. Bxe7 Rxe7 23. bxc6 Qc7 24. Qa3 Rc8 25. Rb1 Qd8 26.
Qd6 Rec7 27. Rb7 Rxb7 28. cxb7 Qxd6 29. bxc8=Q+ Qf8 30. Qxf8+ Bxf8 31. Rxa7
Kg7 32. Ng5 h6 33. Nxf7 Kg8 34. Nd8 g5 35. Nxe6 gxh4 36. Ra8 h3 37. Nxf8
h2+ 38. Kxh2 h5 39. e6 h4 40. e7 h3 41. e8=Q hxg2 42. Qg6+ Kh8 43. Ne6# {
Black checkmated } 1-0

[Event "ICC tourney 2532 (25 5)"]
[Site "Internet Chess Club"]
[Date "2021.04.24"]
[Round "2"]
[White "SAXE, ERIC:K12-15062745"]
[Black "R PANUELOS, MIKE:K12-15240866"]
[Result "1-0"]
[ICCResult "Black checkmated"]
[WhiteElo "412"]
[BlackElo "1137"]
[Opening "two knights defense: Fegatello attack"]
[ECO "C57"]
[NIC "KP.01"]
[Time "13:11:53"]
[PlyCount "127"]
[TimeControl "1500+5"]

1. e4 e5 2. Nf3 Nc6 3. Bc4 Nf6 4. Ng5 d5 5. exd5 Nxd5 6. Nxf7 Kxf7 7. Qf3+
Ke8 8. Bxd5 Qxd5 9. Qxd5 Be7 10. c3 Bf5 11. d4 Rd8 12. Qf3 Rf8 13. Qd1 exd4
14. O-O dxc3 15. Qa4 c2 16. Na3 Bc5 17. Nxc2 Bxf2+ 18. Rxf2 Rd1+ 19. Rf1
Rxf1+ 20. Kxf1 Bxc2+ 21. Qf4 Rxf4+ 22. Bxf4 Kf7 23. Bxc7 b5 24. Rc1 Be4 25.
Kf2 Kf6 26. g3 h5 27. Ke3 Bg2 28. Rc2 Bd5 29. a3 b4 30. Rd2 Be6 31. Rd6 Ne5
32. Ke4 Nc4 33. Rc6 Nxb2 34. Be5+ Kg5 35. Bxb2 Bf5+ 36. Kf3 Bg4+ 37. Kf2
Bd7 38. Rc5+ Bf5 39. axb4 Kg4 40. h3+ Kg5 41. b5 Kg6 42. Rxf5 Kxf5 43. Bd4
Ke6 44. Bxa7 Kd7 45. b6 Kc8 46. Kf3 Kb7 47. Kf4 Ka8 48. Kg5 h4 49. gxh4 Kb7
50. h5 Ka8 51. h6 gxh6+ 52. Kxh6 Kb7 53. Kg7 Kc8 54. h4 Kb7 55. h5 Kc8 56.
h6 Kb7 57. h7 Ka8 58. h8=Q+ Kb7 59. Qb8+ Ka6 60. Qc8+ Kb5 61. b7 Ka6 62.
b8=Q+ Ka5 63. Qb6+ Ka4 64. Qca6# { Black checkmated } 1-0